 Dungeon Crawl Stone Soup version 0.19-a0-26-gae82a2b (webtiles) character file.

413 Kenran the Grappler (level 6, -7/59 HPs)
             Began as a Troll Monk on May 1, 2016.
             Mangled by Kenran's ghost (10 damage)
             ... on level 4 of the Dungeon.
             The game lasted 00:05:33 (1749 turns).

Kenran the Grappler (Troll Monk)                    Turns: 1749, Time: 00:05:35

Health: -7/59      AC:  5    Str: 21    XL:     6   Next: 59%
Magic:  5/5        EV: 10    Int:  6    God:
Gold:   147        SH:  0    Dex: 13    Spells: 0 memorised, 5 levels left

rFire  . . .     SeeInvis .       - Unarmed
rCold  . . .     Gourm    +     a - +0 robe
rNeg   . . .     Faith    .     (no shield)
rPois  .         Spirit   .     (helmet restricted)
rElec  .         Dismiss  .     (no cloak)
rCorr  .         Reflect  .     (gloves unavailable)
SustAt .         Harm     .     (boots unavailable)
MR     .....                    (no amulet)
Stlth  +.........               (no ring)
                                (no ring)

@: starving, not resistant to hostile enchantments, very unstealthy
A: unfitting armour, claws 3, fast metabolism 3, gourmand, regeneration 2,
shaggy fur 1, tough skin 2
a: no special abilities


You were on level 4 of the Dungeon.
You were starving.

You visited 1 branch of the dungeon, and saw 4 of its levels.

You collected 147 gold pieces.

Inventory:

Armour
 a - a +0 robe (worn)
Wands
 k - a wand of iceblast (3/15)
Scrolls
 f - 2 scrolls of identify {unknown}
 h - a scroll of random uselessness {unknown}
 i - a scroll of remove curse {unknown}
Potions
 d - a potion of lignification {unknown}
 e - 2 potions of cure mutation {unknown}
 g - 2 potions of heal wounds {unknown}
 l - a potion of curing {unknown}
Comestibles
 b - 5 bread rations
 c - 3 fruits
 j - a meat ration


   Skills:
 - Level 2.4 Fighting
 - Level 2.4 Dodging
 - Level 1.1 Stealth
 + Level 8.0 Unarmed Combat


You had 5 spell levels left.
You didn't know any spells.

Dungeon Overview and Level Annotations

Branches:
Dungeon (4/15)
 Temple: D:4-7

Altars:
Gozag
Pakellas
The Shining One

Annotations:
D:2 Sigmund
D:4 Kenran's ghost, amateur HOFi


Innate Abilities, Weirdness & Mutations

You are too large for most types of armour.
You have claws for hands.
Your metabolism is lightning-fast.
You like to eat raw meat.
You heal very quickly.
You are covered in fur (AC +1).
You have very tough skin (AC +2).


Message History

* * * LOW HITPOINT WARNING * * *
You closely miss Kenran's ghost.
Kenran's ghost is almost destroyed.
You barely miss Kenran's ghost.
Kenran's ghost is almost destroyed.
Kenran's ghost hits you but does no damage.
You scratch Kenran's ghost but do no damage.
Kenran's ghost is almost destroyed.
Kenran's ghost hits you!
* * * LOW HITPOINT WARNING * * *
You scratch Kenran's ghost.
Kenran's ghost is almost destroyed.
Kenran's ghost barely misses you.
You scratch Kenran's ghost but do no damage.
Kenran's ghost is almost destroyed.
Kenran's ghost misses you.
You barely miss Kenran's ghost.
Kenran's ghost is almost destroyed.
Kenran's ghost hits you!
You die...

.###.#..#.##.....# ###<#######
.#...#..#.##..##.#####.>.#
.#.##...#......# #.....####.#
.#.#...#######.# #.##........#
.#...............#.##.#####..#
.###...#######.###.##........#
..)#...# ................#.#
##)....# #.####.##.###.#####
######.# ......W@(........
.......#########.#...#.###
......[....... #.#.###..
...........### #.... ...
............# ###.......
.....>......# # #..#####
............##.# #..#
...............# ..#
............###


You could see Kenran's ghost.

Vanquished Creatures
  Edmund (D:3)
  4 orc priests
  An orc wizard (D:4)
  A worker ant (D:4)
  4 adders
  A gnoll (D:1)
  A howler monkey skeleton (D:4)
  An adder skeleton (D:3)
  2 worms
  A dart slug (D:1)
  A giant gecko (D:3)
  13 orcs
  4 bats (D:1)
  4 giant cockroaches
  4 goblins
  7 hobgoblins
  4 jackals (D:3)
  4 kobolds
  2 quokkas (D:3)
  2 giant newts
  3 rats
65 creatures vanquished.

Notes
Turn   | Place    | Note
--------------------------------------------------------------
     0 | D:1      | Kenran the Troll Monk began the quest for the Orb.
     0 | D:1      | Reached XP level 1. HP: 22/22 MP: 0/0
     2 | D:1      | Noticed a merfolk
     2 | D:1      | Noticed a dwarf
     4 | D:1      | Noticed a centaur
     4 | D:1      | Noticed a naga
     6 | D:1      | Noticed a vine stalker
     8 | D:1      | Noticed a minotaur
     8 | D:1      | Noticed a ghoul
    10 | D:1      | Noticed a demigod
    10 | D:1      | Noticed a human
    12 | D:1      | Noticed a draconian
    12 | D:1      | Noticed a gargoyle
    14 | D:1      | Noticed a troll
    14 | D:1      | Noticed a demonspawn
    16 | D:1      | Noticed an elf
    18 | D:1      | Noticed a spriggan
    20 | D:1      | Noticed a felid
    22 | D:1      | Noticed a tengu
    22 | D:1      | Noticed a vampire
    24 | D:1      | Noticed a formicid
    24 | D:1      | Noticed an ogre
    26 | D:1      | Noticed a halfling
    26 | D:1      | Noticed an octopode
   114 | D:1      | Reached XP level 2. HP: 27/29 MP: 1/1
   226 | D:1      | Reached skill level 5 in Unarmed Combat
   226 | D:1      | Reached XP level 3. HP: 36/36 MP: 2/2
   615 | D:2      | Noticed Sigmund
   626 | D:3      | Found an opulent altar of Gozag.
   676 | D:3      | Found an oddly glowing altar of Pakellas.
   856 | D:3      | Reached XP level 4. HP: 41/44 MP: 3/3
   931 | D:3      | Reached skill level 6 in Unarmed Combat
  1075 | D:3      | Reached XP level 5. HP: 46/50 MP: 4/4
  1356 | D:4      | Noticed Edmund
  1371 | D:3      | Killed Edmund
  1371 | D:3      | Reached skill level 7 in Unarmed Combat
  1371 | D:3      | Reached XP level 6. HP: 38/59 MP: 5/5
  1550 | D:4      | Found a glowing golden altar of the Shining One.
  1605 | D:4      | Reached skill level 8 in Unarmed Combat
  1732 | D:4      | Noticed Kenran's ghost (amateur HOFi)
  1746 | D:4      | HP: 2/59 [Kenran's ghost (13)]
  1749 | D:4      | Mangled by Kenran's ghost

Vault maps used:
D:1:      kb_arrival_jail, serial_park_tiny_1, minmay_distorted
D:2:      kennysheep_six_static_rooms, first_bread, uniq_sigmund
D:3:      grunt_gozag_breadcrumbs, grunt_pakellas_basics, minivault_14
D:4:      kennysheep_little_box, uniq_edmund

Skill      XL: |  1  2  3  4  5  6 |
---------------+-------------------+-----
Unarmed Combat | 5 6 7 8 |  8.0
Fighting       | |  2.4
Dodging        | |  2.4
Stealth        | |  1.1

Action                   |  1- 3 |  4- 6 || total
-------------------------+-------+-------++-------
Melee: Unarmed           |    78 |   103 ||   181
       Punch             |     1 |     3 ||     4
 Stab: Sleeping          |     1 |     1 ||     2
  Eat: Chunk             |     5 |     6 ||    11
Armor: Robe              |    29 |    25 ||    54
Dodge: Dodged            |    41 |    37 ||    78
